Cogmind - Beta 16 @@@ ROGUE MODE // 2026.01.26 @ 22:05:45 Player: luckinvolved Result: Destroyed by G-34 Mercenary with Small Laser Performance ------------- Evolutions (1) 500 Regions Visited (3) 600 Robots Destroyed (12) 60 Value Destroyed (147) 147 Prototype IDs (1) 20 Alien Tech Used (0) 0 Bonus (0) 0 TOTAL SCORE: 1327 Bonus ------- None Cogmind --------- Core Integrity 0/400 Matter 173/300 Energy 44/100 System Corruption 5% Temperature Cool (24) Movement Flying (37) Location -9/Storage Parts ------- > --- POWER (1) -------- (None) > --- PROPULSION (3) --- Improved Flight Unit Improved Flight Unit > --- UTILITY (3) ------ (None) > --- WEAPON (2) ------- Heavy Hammer > --- INVENTORY (5) ---- VTOL Module Peak State ------------ > --- POWER ------------ (None) > --- PROPULSION ------- (None) > --- UTILITY ---------- Drone Bay Drone Bay Drone Bay > --- WEAPON ----------- Heavy Hammer > --- INVENTORY -------- (None) [Rating: 17] Favorites ----------- Power Light Ion Engine Engine Light Ion Engine Propulsion Improved Flight Unit Flight Unit Improved Flight Unit Utility Drone Bay Device Drone Bay Weapon Heavy Hammer Launcher Grenade Launcher Impact Weapon Heavy Hammer Build | -11 -10 -9 -9 ------- Run | Yrd Mat Mat Sto Slots Evolved 2 | . . 2 . Power . | . . . . Propulsion 1 | . . 1 . Utility 1 | . . 1 . Weapon . | . . . . Parts Attached 11 | . 1 . 10 Power 1 | . . . 1 Engine 1 | . . . 1 Core . | . . . . Reactor . | . . . . Propulsion 4 | . . . 4 Treads . | . . . . Leg . | . . . . Wheel . | . . . . Hover . | . . . . Flight 4 | . . . 4 Utility 3 | . . . 3 Device 3 | . . . 3 Storage . | . . . . Processor . | . . . . Hackware . | . . . . Protection . | . . . . Artifact . | . . . . Weapon 3 | . 1 . 2 Energy Gun . | . . . . Energy Cannon . | . . . . Ballistic Gun . | . . . . Ballistic Cannon . | . . . . Launcher 2 | . 1 . 1 Special Weapon . | . . . . Impact Weapon 1 | . . . 1 Slashing Weapon . | . . . . Piercing Weapon . | . . . . Special Melee Weapon . | . . . . Unidentified Prototypes 1 | . . . 1 Corrupted Parts 1 | . . . 1 System Corruption 5 | . . . 5 Parts Lost 4 | . . . 4 Power 1 | . . . 1 Propulsion 1 | . . . 1 Utility . | . . . . Weapon 2 | . . . 2 Highest Loss Streak 3 | . . . 3 To Critical Strikes . | . . . . Average Backups . | . . . . Power . | . . . . Propulsion . | . . . . Utility . | . . . . Weapon . | . . . . Tool/Special . | . . . . Unused Backups . | . . . . Power . | . . . . Propulsion . | . . . . Utility . | . . . . Weapon . | . . . . Tool/Special . | . . . . Average Slot Usage (%) 25 | . 11 11 31 Flight 7 | . . . 10 Device 7 | . . . 11 Launcher 4 | . 11 11 1 Impact Weapon 5 | . . . 8 Peak Build Rating 17 | . 1 1 17 Average Rating 7 | . . 1 9 On Entrance . | . . 1 1 Avg Prop Armor Cover (%) . | . . . . Naked Turns 35 | . 5 . 30 Heaviest Build 21 | . 3 3 21 Greatest Support 15 | 3 3 3 15 Greatest Overweight (x) 6 | . . . 6 Average Overweight (x) . | . . . . Largest Inventory Capacity 5 | 5 5 5 5 Average Capacity 5 | 5 5 5 5 Most Carried 4 | . . . 4 Average Carried . | . . . . Final Capacity 5 | 5 5 5 5 Final Carried 1 | . . . 1 Class Distribution -------------------- 100% | Mutant Dominant Class ---------------- Mutant | -10/Materials Mutant | -9/Materials Mutant | -9/Storage Resources | -11 -10 -9 -9 ----------- Run | Yrd Mat Mat Sto Matter Collected 271 | 103 . 6 162 Remotely . | . . . . Salvage Created 107 | . 20 27 60 Parts 14 | . 1 8 5 Haulers Intercepted 1 | . . . 1 Recyclers Shooed . | . . . . Parts Field Recycled . | . . . . Retrieved Matter . | . . . . Parts Self-Destructed . | . . . . Prevented . | . . . . Parts Restored . | . . . . Kills | -11 -10 -9 -9 ------- Run | Yrd Mat Mat Sto Combat Hostiles Destroyed 10 | . 3 4 3 AOE 10 | . 3 4 3 Classes Destroyed 3 | . 1 1 1 Builder 1 | . . 1 . Hauler 1 | . . . 1 Swarmer 10 | . 3 4 3 Best Kill Streak 5 | . 3 5 3 Combat Bots Only 4 | . 3 4 3 Max Kills in Single Turn 4 | . 3 4 2 Gunslinging . | . . . . Exploded 3 | . 3 3 2 Melee . | . . . . Uniques/NPCs Destroyed . | . . . . Combat | -11 -10 -9 -9 -------- Run | Yrd Mat Mat Sto Hostile Shots Fired 83 | . 2 5 76 Missed 33 | . . 2 31 Hits 50 | . 2 3 45 Projectile 50 | . 2 3 45 Critical Strikes 4 | . . . 4 Damage Taken 855 | . 19 25 811 Core 427 | . 19 17 391 Absorbed by Shields . | . . . . Core Remaining (%) 96 | 100 92 . . Volleys Fired 12 | . 1 3 8 Largest 1 | . 1 1 1 Hottest 33 | . 30 30 33 Shots Fired 12 | . 1 3 8 Gun . | . . . . Cannon . | . . . . Launcher 12 | . 1 3 8 Special . | . . . . Kinetic . | . . . . Thermal . | . . . . Explosive 10 | . 1 3 6 Electromagnetic 2 | . . . 2 Robot Hit Streak 2 | . . 2 . Robot Miss Streak 2 | . 1 2 2 Penetration Max . | . . . . Secondary Targets . | . . . . Shots Hit Robots 4 | . . 2 2 Core Hits 11 | . 4 5 2 Critical Kills . | . . . . Critical Parts Destroyed . | . . . . Critical Strikes . | . . . . Melee Attacks 2 | . . . 2 Impact 2 | . . . 2 Slashing . | . . . . Piercing . | . . . . Sneak Attacks 2 | . . . 2 Combat Hostiles . | . . . . Follow-up Attacks . | . . . . Damage Inflicted 749 | . 92 214 443 Guns . | . . . . Cannons . | . . . . Explosions 580 | . 92 214 274 Melee 169 | . . . 169 Ramming . | . . . . Kinetic . | . . . . Thermal . | . . . . Explosive 553 | . 92 214 247 Electromagnetic 27 | . . . 27 Impact 169 | . . . 169 Slashing . | . . . . Piercing . | . . . . Highest Corruption 5 | . . . 5 Average Corruption 5 | . . . 5 Corruption Purged . | . . . . Corruption Blocked . | . . . . Overload Shots . | . . . . Overflow Damage 85 | . . 22 63 Projectiles . | . . . . Explosions 56 | . . 22 34 Melee 29 | . . . 29 Knockbacks . | . . . . Impact . | . . . . Kinetic . | . . . . Secondary . | . . . . Self-Inflicted Damage 114 | . . . 114 Shots 5 | . . . 5 Rammed . | . . . . Targets Rammed . | . . . . Kicked . | . . . . Crushed . | . . . . Highest Temperature 17 | . . 2 17 Average Temperature 7 | . . 2 8 Received Heat Transfer 285 | . . . 285 Siege Activations . | . . . . Martial Activations . | . . . . Shielding Activations . | . . . . Robots Disrupted . | . . . . Combat Hostiles . | . . . . Robots Corrupted 1 | . . . 1 Combat Hostiles . | . . . . Parts Fried 1 | . . . 1 Impact Corruptions 1 | . . . 1 Robots Melted . | . . . . Combat Hostiles . | . . . . Parts Melted . | . . . . Heat Transferred . | . . . . Parts Sabotaged . | . . . . Parts Stolen . | . . . . Parts Stripped . | . . . . Power Chain Reactions . | . . . . Alert | -11 -10 -9 -9 ------- Run | Yrd Mat Mat Sto Maximum Alert Level . | . . . . Low Security (%) 100 | 100 100 100 100 Level 1 . | . . . . Level 2 . | . . . . Level 3 . | . . . . Level 4 . | . . . . Level 5 . | . . . . High Security . | . . . . Max Security . | . . . . Peak Influence 196 | . 73 131 196 Initial 50 | . . 26 50 Average 43 | . 34 82 40 Influence Increases 447 | . 78 115 254 Destroy 0b10 Robot/C 200 | . 60 80 60 Destroy 0b10 Robot/NC 10 | . . 5 5 Destroy Leader 32 | . 10 10 12 Successful Hack 5 | . 5 . . Disable Machine 60 | . . . 60 Destroy Structure 50 | . 3 20 27 Lose Combat Pursuer 90 | . . . 90 Influence Decreases 281 | . 15 57 209 Entered New Map 108 | . . 37 71 Time Decay 123 | . 15 20 88 Lost Part 40 | . . . 40 Lost Ally 10 | . . . 10 Squads Dispatched 4 | . . 1 3 Investigation 1 | . . . 1 Extermination . | . . . . Reinforcement 3 | . . 1 2 Assault . | . . . . Garrison . | . . . . Intercept . | . . . . Searches Triggered . | . . . . Construction Impeded . | . . . . Haulers Reinforced . | . . . . Active Scanning Responses . | . . . . Cargo Convoy Interrupts . | . . . . Stealth | -11 -10 -9 -9 --------- Run | Yrd Mat Mat Sto Distress Signals . | . . . . Communications Jammed . | . . . . Distress Signals . | . . . . Times Spotted 25 | . 5 6 14 Peak Tracking Total 12 | . 3 4 12 Tactical Retreats 2 | . . . 2 Traps | -11 -10 -9 -9 ------- Run | Yrd Mat Mat Sto Traps Triggered . | . . . . Indirectly . | . . . . Trap Hack Attempts . | . . . . Triggered . | . . . . Disarmed . | . . . . Reprogrammed . | . . . . Reused . | . . . . Traps Extracted . | . . . . Installed . | . . . . Triggered . | . . . . Machines | -11 -10 -9 -9 ---------- Run | Yrd Mat Mat Sto Machines Disabled 4 | . . . 4 Max in Single Turn 3 | . . . 3 Machines Repaired . | . . . . Machines Dismantled . | . . . . Machines Sabotaged . | . . . . Overloaded Fab Kills . | . . . . Hacking | -11 -10 -9 -9 --------- Run | Yrd Mat Mat Sto Machines Accessed 4 | . 1 . 3 Terminals 4 | . 1 . 3 Fabricators . | . . . . Repair Stations . | . . . . Recycling Units . | . . . . Scanalyzers . | . . . . Garrison Access . | . . . . Total Hacks 10 | . 5 . 5 Successful 2 | . 1 . 1 Failed 8 | . 4 . 4 Catastrophic 3 | . 2 . 1 Database Lockouts . | . . . . Manual 5 | . 5 . . Terminals 10 | . 5 . 5 Fabricators . | . . . . Repair Stations . | . . . . Recycling Units . | . . . . Scanalyzers . | . . . . Garrison Access . | . . . . Terminal Hacks 1 | . . . 1 Open Door 1 | . . . 1 Fabricator Hacks . | . . . . Repair Station Hacks . | . . . . Recycling Unit Hacks . | . . . . Scanalyzer . | . . . . Garrison Access Hacks . | . . . . Unauthorized Hacks 1 | . 1 . . Terminals 1 | . 1 . . Botnet 1 | . 1 . . Fabricators . | . . . . Repair Stations . | . . . . Recycling Units . | . . . . Scanalyzers . | . . . . Garrison Access . | . . . . Data Cores Recovered . | . . . . Used . | . . . . Hacking Detections 3 | . 1 . 2 Full Trace Events 3 | . 1 . 2 Feedback Events . | . . . . Feedback Blocked . | . . . . Robot Schematics Acquired . | . . . . Robots Built . | . . . . Authchips . | . . . . Time . | . . . . Total Robot Build Rating . | . . . . Part Schematics Acquired . | . . . . Parts Built . | . . . . Authchips . | . . . . Time . | . . . . Total Part Build Rating . | . . . . Part Studies Acquired . | . . . . Parts Repaired . | . . . . Time . | . . . . Parts Recycled . | . . . . Recycled Matter . | . . . . Retrieved Matter . | . . . . Retrieved Components . | . . . . Parts Scanalyzed . | . . . . Part Schematics Acquired . | . . . . Parts Damaged . | . . . . Bothacking | -11 -10 -9 -9 ------------ Run | Yrd Mat Mat Sto Used RIF Installer . | . . . . Robots Hacked . | . . . . Non-combat . | . . . . Combat . | . . . . Robot Hacks Applied . | . . . . Relay Couplers Released . | . . . . Fabnet Peak Effective % . | . . . . Robots Rewired . | . . . . Allies Hacked . | . . . . Hacks Repelled . | . . . . Allies | -11 -10 -9 -9 -------- Run | Yrd Mat Mat Sto Total Allies . | . . . . Largest Group . | . . . . Highest-Rated Group . | . . . . Highest-Rated Ally . | . . . . Total Orders 2 | . . . 2 EXPLORE 2 | . . . 2 Ally Attacks . | . . . . Total Damage . | . . . . Kills . | . . . . Allies Corrupted . | . . . . Allies Melted . | . . . . Intel | -11 -10 -9 -9 ------- Run | Yrd Mat Mat Sto Active Infowar (turns) . | . . . . Robot Analysis Total . | . . . . Derelict Logs Recovered . | . . . . Drone Launches 11 | . . . 11 Drone Recoveries 6 | . . . 6 Exploration | -11 -10 -9 -9 ------------- Run | Yrd Mat Mat Sto Turns Passed 328 | 9 50 40 229 Spaces Moved 473 | 18 92 62 301 Core 299 | 18 92 62 127 Treads . | . . . . Legs . | . . . . Wheels . | . . . . Hover . | . . . . Flight 174 | . . . 174 Fastest Speed 32 | 50 50 50 32 Average Speed 57 | 50 50 50 61 Slowest Speed 350 | 50 50 50 350 Overloaded Moves . | . . . . Propulsion Burnouts . | . . . . Robots Hopped 9 | . . . 9 Potential Cave-ins 17 | . . . 17 Cave-ins Triggered 2 | . . . 2 Exploration Rate (%) 23 | 3 26 14 52 Regions Visited 3 Branch Regions 1 Pre-discovered Areas . | . . . . Known Exits Taken . | . . . . Unknown Exits Taken 3 | 1 1 1 . Scrap Searched . | . . . . Spaces Dug 11 | . . . 11 Terrain Destroyed 70 | . 2 19 49 Melee . | . . . . Projectile . | . . . . AOE 70 | . 2 19 49 Terrain Rammed . | . . . . Walls Destroyed . | . . . . Machines Disabled . | . . . . Actions | -11 -10 -9 -9 --------- Run | Yrd Mat Mat Sto Total 501 | 17 93 67 324 Wait 9 | . . 3 6 Move 451 | 17 91 61 282 Hop 8 | . . . 8 Pick Up . | . . . . Fast Attach 10 | . 1 . 9 Attach . | . . . . Detach 3 | . . . 3 Swap 1 | . . . 1 Drop 3 | . . . 3 Fire 12 | . 1 3 8 Melee 2 | . . . 2 Ram . | . . . . Kick . | . . . . Crush . | . . . . Escape Stasis 2 | . . . 2 Rewire . | . . . . Trap . | . . . . Miscellaneous . | . . . . Route ------- -11/Scrapyard -10/Materials -9/Materials -9/Storage History --------- Turn | Location | Event 4 | -11/Scrapyard | Discovered new exit (range 13) 10 | -11/Scrapyard | Entered Materials 53 | -10/Materials | Discovered new exit (range 12) 60 | -10/Materials | Entered another Materials area 60 | -9/Materials | Evolved 2 slots: Propulsion x1, Utility x1 93 | -9/Materials | Discovered new exit (range 11) 100 | -9/Materials | Entered Storage 125 | -9/Storage | Crushed by falling debris 128 | -9/Storage | Crushed by falling debris 235 | -9/Storage | Core integrity fell below 50% 280 | -9/Storage | Lost 3 allies 300 | -9/Storage | Build established: Mutant 320 | -9/Storage | Core integrity fell below 20% 329 | -9/Storage | Destroyed by G-34 Mercenary with Small Laser Last Messages --------------- 00276_ Acquired 49 matter. 00277_ K-01 Serf collects debris. 00280_ Sneak attack on A-02 Transporter. 00284_ K-01 Serf collects debris. 00301_ Connecting with Door Terminal... 00301_ ALERT: Suspicious activity at Terminal S008. Dispatching Investigation squad. 00311_ Acquired EMP Blaster. 00315_ Compression Vault explodes. 00315_ Destroyed Lgt. Ion Engine. 00315_ Destroyed Flight Unit. 00315_ S-10 Pest destroyed. 00315_ Recycling Unit disabled. 00315_ Terminal disabled. 00320_ Acquired Corrupted Lgt. Ion Engine. 00320_ Integrated Corrupted Lgt. Ion Engine (+5). 00323_ S-10 Pest destroyed. 00326_ Lgt. Ion Engine destroyed. 00327_ EMP Blaster destroyed. 00329_ Imp. Flight Unit destroyed. Map ----- +----------------------------------------------------+ | | | | | | | | | | | | | | | | | | | ?????????????????????????????????????????????????? | | ?????????????????????????????????????????????????? | | ?????????????????????????????????????????????????? | | ????????????????????####?????????????????????????? | | ????????????????????# =#?????????????????????????? | | ????????????????????#!=#?????????????????????????? | | ????????????????????#!=#?????????????????????????? | | ??????????????#######!"##????????????????????????? | | ???????"####### + T#????????????????????????? | | ???????" # ##????????????????????????? | | ???????" T #####?#####???????????????????? | | ???????"#T##### #?????#"""#???????????????????? | | ??????????????## ########"R"#???????????????????? | | ######?????????# # ##" "######????????#####?? | | ########### + # ###???#?? | | + # # ""#???# | | # # #@ Y"#???# """ """ | | # #####+##### "" # "#???# """ """ | | """" # # # "Y # % ##???# """ """ | | ???" # # = # "" # #???# | | ???" + # # # [ #????? | | """" # # ! # ##### = #??????? ? | | # # ###???#### ###########+### | | ###### # = #????????#^ | | ###### # ! ! #????????+ Yg | | !!!# + # #????????# g | | # ##"########????????# #####+#########+### | | # ## % # ! #?????????+ # #??? #?? | | ####T## # #?????????# # """ #?# T?? | | ???#### %# ! #?????????# # """ #?##" "#?? | | ???#""" # #?????????# # """ ! #??? ???? | | ???#"R ##+####?????????# # """ #??? ???? | | ???#""" #????????????# # """ %=#??== ???? | | ???#### #+########?????##### ==##?= =???? | | ???#### # = #?????????# #####???? | | ???# + | [ #?????????# ##???????? | | ???# ##+##### ! #?????????########+#????????? | | ???# # ##[ #????????????????# #????????? | | ???# # ## #????????????????# #????????? | | ???# # ##! #????????????????# #????????? | | ???# # ## % #????????????????# #????????? | +----------------------------------------------------+ Best States ------------- Heat Dissipation 28 Energy Generation 5 Energy Capacity 100 Matter Stores 203 Matter Capacity 300 Sight Range 16 Terrain Scan Density 10 Evasion (%) 63 Item Schematics ----------------- None Robot Schematics ------------------ None Fabricated ------------ Nothing Repaired ---------- Nothing Studied --------- None Alien Tech Used ----------------- None Achievements -------------- None Challenges ------------ None Game ------ Seed DimensionalSniperRegenerator Manual? 0 Play Time 00:06:47 Cumulative 148.2 hours Start 2026.01.26 @ 22:01:43 End 2026.01.26 @ 22:05:45 Sessions 1 Manual Loads 0 Difficulty Rogue Special Mode None Game No. 187 Rogue 182 Adventurer 5 Explorer 0 Win Type - Total 5 Types 4/0/0/1/0/0/0/0/0/0 Lore% 44 Gallery% 61 Achievement% 47 Wizard Run 0 Options --------- Layout 0 ASCII 0 Keyboard 1 Movement Vi Keybinds 0 Fullscreen 1 Font 24/Smallcaps Map View 76x50 Zoom Use 0% Tactical HUD 1 Map Filters NONE Filters NONE Steam 1 RUN: 166dc2c4-f2f2-4482-8250-124f1104a4d7